 Dungeon Crawl Stone Soup version 0.23.2 (webtiles) character file.

Game seed: 10071043382166610630

175 Grazgin the Firebug (level 5, 0/32 HPs)
             Began as a Gargoyle Fire Elementalist on Apr 5, 2019.
             Slain by Grinder (2 damage)
             ... on level 3 of the Dungeon.
             The game lasted 00:06:56 (3099 turns).

Grazgin the Firebug (Gargoyle Fire Elementalist)    Turns: 3099, Time: 00:06:58

Health: 0/32       AC:  7    Str: 17    XL:     5   Next: 55%
Magic:  1/9        EV: 12    Int: 16    God:
Gold:   143        SH:  0    Dex: 10    Spells: 8/9 levels left

rFire    . . .     SeeInvis .   m - +0 war axe
rCold    . . .     Gourm    .   (no shield)
rNeg     + . .     Faith    .   o - +0 robe
rPois    ∞         Spirit   .   (no helmet)
rElec    +         Reflect  .   l - scarf {cloud immunity}
rCorr    .         Harm     .   k - +0 pair of gloves
MR       .....                  (no boots)
Stlth    ++........             (no amulet)
HPRegen  0.10/turn              (no ring)
MPRegen  0.11/turn              (no ring)

@: mighty
A: negative energy resistance 1, electricity resistance, unbreathing,
petrification resistance, rot immunity, AC +4
a: no special abilities


You were on level 3 of the Dungeon.
You were not hungry.

You visited 1 branch of the dungeon, and saw 3 of its levels.

You collected 143 gold pieces.

Inventory:

Hand Weapons
 h - a +0 short sword
 m - a +0 war axe (weapon)
Armour
 k - a +0 pair of gloves (worn)
 l - a scarf of cloud immunity (worn)
 o - a +0 robe (worn)
Wands
 a - a wand of random effects (16)
Scrolls
 e - a scroll of amnesia {unknown}
 f - 2 scrolls of identify {unknown}
 g - a scroll of immolation {unknown}
 n - a scroll of remove curse
 s - a scroll of enchant armour {unknown}
 u - a scroll of blinking {unknown}
Potions
 b - a potion of mutation {unknown}
 d - a potion of might
 i - 2 potions of heal wounds {unknown}
 j - a potion of haste {unknown}
 q - a potion of flight {unknown}
 r - 2 potions of brilliance {unknown}
 t - 2 potions of resistance {unknown}
Comestibles
 c - 7 rations


   Skills:
 * Level 2.9 Fighting
 + Level 2.2 Dodging
 - Level 2.1 Stealth
 + Level 2.7 Spellcasting
 + Level 2.4 Conjurations
 + Level 3.7 Fire Magic


You had 8 spell levels left.
You knew the following spells:

 Your Spells              Type           Power        Failure   Level  Hunger
a - Flame Tongue          Conj/Fire      ##...        5%          1    #......

Your spell library contained the following spells:

 Spells                   Type           Power        Failure   Level  Hunger
 Throw Flame              Conj/Fire      ##....       9%          2    ##.....
 Conjure Flame            Conj/Fire      ##......     16%         3    ###....
 Inner Flame              Hex/Fire       #.......     26%         3    ###....
 Sticky Flame             Conj/Fire      ##......     47%         4    #####..
 Fireball                 Conj/Fire      ##........   83%         5    ######.


Dungeon Overview and Level Annotations

Branches:
Dungeon (3/15)

Altars:
Fedhas
Makhleb
Wu Jian

Annotations:
D:3 Grinder


Innate Abilities, Weirdness & Mutations

You are resistant to torment.
Your stone body is resilient. (AC +4)
You are immune to poison.
You resist negative energy. (rN+)
You are resistant to electric shocks. (rElec)
You can survive without breathing.
You are immune to petrification.
You are immune to rotting.


Message History

You kill the river rat!
You hit the giant cockroach.
You kill the giant cockroach!
The ball python closely misses you. The ball python barely misses you.
Casting: Flame Tongue (safe; 5% risk of failure)
Confirm with . or Enter, or press ? or * to list all spells.
Aiming: Flame Tongue (safe; 5% risk of failure)
Press: ? - help, Shift-Dir - straight line, f - ball python
Aim: a ball python The flame tongue hits the ball python!
You kill the ball python!
It was a potion of might.
You feel very mighty all of a sudden.
You slash Grinder!
Grinder is heavily wounded.
Grinder says, "Tell me all your secrets, or I'll kill you."
Grinder hits you!
* * * LOW HITPOINT WARNING * * *
You writhe in agony.
You die...

#.# #.# #.# #.#
#.# #.# #.# #5#
#@######
#.....?######## ##
#.####.#......###.
#.####.#.###......
#.##.......#..###.
#.##.#.# #.#......
#.##.#.#.#......#.
#..)...#.......##.
######.#####.#.##.


You could see Grinder.

Vanquished Creatures
  Ijyb (D:3)
  A river rat (D:3)
  6 adders
  An ooze (D:3)
  4 worms
  3 dart slugs
  A leopard gecko (D:2)
  An orc (D:3)
  3 ball pythons
  4 giant cockroaches (D:3)
  7 goblins
  8 hobgoblins
  6 bats
  2 frilled lizards (D:2)
  9 kobolds
  11 rats
68 creatures vanquished.

Notes
Turn   | Place    | Note
-------+----------+-------------------------------------------
     0 | D:1      | Grazgin the Gargoyle Fire Elementalist began the quest for
                  | the Orb.
     0 | D:1      | Reached XP level 1. HP: 10/10 MP: 3/3
   101 | D:1      | Reached XP level 2. HP: 16/16 MP: 0/5
   109 | D:1      | Reached skill level 1 in Fighting
   745 | D:2      | Reached XP level 3. HP: 20/20 MP: 3/6
  1705 | D:2      | Reached XP level 4. HP: 21/26 MP: 2/7
  2445 | D:3      | Reached XP level 5. HP: 6/31 MP: 1/8
  2531 | D:3      | Found a blossoming altar of Fedhas.
  2541 | D:3      | Noticed Ijyb
  2560 | D:3      | Killed Ijyb
  2601 | D:3      | Found an ornate altar of the Wu Jian Council.
  2601 | D:3      | Found a burning altar of Makhleb.
  3069 | D:3      | Noticed Grinder
  3099 | D:3      | Slain by Grinder

Skill      XL: |  1  2  3  4 |
---------------+-------------+-----
Fighting       | 1 2 |  2.9
Dodging        | 2 |  2.2
Conjurations   | 2 |  2.4
Stealth        | |  2.1
Spellcasting   | |  2.7
Fire Magic     | |  3.7

Action                   |  1- 3 |  4- 6 || total
-------------------------+-------+-------++-------
Melee: Unarmed           |     1 |       ||     1
       War axe           |    12 |    70 ||    82
       Short sword       |     1 |       ||     1
 Cast: Flame Tongue      |    55 |    47 ||   102
  Use: Scroll            |       |     1 ||     1
       Potion            |       |     1 ||     1
  Eat: Chunk             |     3 |     5 ||     8
Armor: Robe              |     8 |    40 ||    48
Dodge: Dodged            |    40 |    75 ||   115
